| TOP OF THE 1ST |
|
Norfolk Tides batting - Pitching for Salt Lake Bees : RHP Ricky Castillo
|
|
Pitching: RHP Ricky Castillo
|
|
|
Batting: RHB Joe Young
|
0-0: Called Strike 0-1: Ground out 3-1 (Groundball, 34S, EV 86.9 MPH)
|
|
Batting: RHB Alfredo Reguera
|
0-0: Called Strike 0-1: Foul Ball, location: 2F 0-2: Ball 1-2: Strikes out swinging
|
|
Batting: RHB Daniel Jackson
|
0-0: Ball 1-0: Swinging Strike 1-1: Ground out 5-3 (Groundball, 56, EV 104.4 MPH)
|
| Top of the 1st over - 0 runs, 0 hits, 0 errors, 0 left on base; Norfolk 0 - Salt Lake 0 |
| BOTTOM OF THE 1ST |
|
Salt Lake Bees batting - Pitching for Norfolk Tides : RHP Chris Anderson
|
|
Pitching: RHP Chris Anderson
|
|
|
Batting: SHB Butch Brown
|
0-0: Called Strike 0-1: Ball 1-1: Ball 2-1: Foul Ball, location: 2F 2-2: Ball 3-2: Foul Ball, location: 2F 3-2: SINGLE (Flyball, 4D, EV 93.8 MPH)
|
|
Batting: RHB Brandon Davis
|
0-0: Ball 1-0: Ball 2-0: Called Strike 2-1: Ball 3-1: Called Strike 3-2: Base on Balls Butch Brown to second
|
|
Batting: SHB Mario Padron
|
0-0: Ball 1-0: Swinging Strike 1-1: Foul Ball, location: 2F 1-2: Ball 2-2: Strikes out swinging
|
|
Batting: LHB Justin Alexander
|
0-0: Ball 1-0: Called Strike 1-1: Called Strike Butch Brown is caught stealing 3rd base 2-5 Brandon Davis to second 1-2: Ground out U3 (Groundball, 34, EV 103.8 MPH)
|
| Bottom of the 1st over - 0 runs, 1 hit, 0 errors, 1 left on base; Norfolk 0 - Salt Lake 0 |
| TOP OF THE 2ND |
|
Norfolk Tides batting - Pitching for Salt Lake Bees : RHP Ricky Castillo
|
|
Batting: RHB Maup Gommers
|
0-0: Ball 1-0: Ball 2-0: Ground out 3-1 (Groundball, 34S, EV 88.8 MPH)
|
|
Batting: LHB Justin Moore
|
0-0: Ball 1-0: Ball 2-0: Called Strike 2-1: Foul Ball, location: 2F 2-2: Foul Ball, location: 2F 2-2: Strikes out swinging
|
|
Batting: SHB Ben Pierce
|
0-0: Called Strike 0-1: Ball 1-1: Called Strike 1-2: Strikes out looking
|
| Top of the 2nd over - 0 runs, 0 hits, 0 errors, 0 left on base; Norfolk 0 - Salt Lake 0 |
| BOTTOM OF THE 2ND |
|
Salt Lake Bees batting - Pitching for Norfolk Tides : RHP Chris Anderson
|
|
Batting: RHB Kian-tat Chen
|
0-0: SINGLE (Groundball, 56, EV 98.1 MPH)
|
|
Batting: RHB Josh Faulconer
|
0-0: Ball 1-0: SINGLE (Line Drive, 9S, EV 98.1 MPH) Kian-tat Chen to second Runner from 2nd tries for 3rd, SAFE, throw by RF made to third
|
|
Batting: RHB Nelle Lommen
|
0-0: Called Strike 0-1: SINGLE (Groundball, 6D, EV 99.4 MPH) Kian-tat Chen scores Josh Faulconer to second
|
|
Batting: RHB Timoleon Tsikouna
|
0-0: Called Strike 0-1: Hit by Pitch Josh Faulconer to third Nelle Lommen to second
|
|
Batting: LHB Larry Prey
|
0-0: Swinging Strike 0-1: Ball 1-1: Swinging Strike 1-2: Strikes out looking
|
|
Batting: SHB Butch Brown
|
0-0: Ball 1-0: Called Strike 1-1: Called Strike 1-2: Foul Ball, location: 2F 1-2: Ball 2-2: Fly out, F8 (Flyball, 8LD, EV 108.1 MPH) Runner from 3rd tags up, SCORES, no throw by CF
|
|
Batting: RHB Brandon Davis
|
0-0: Ball 1-0: Swinging Strike 1-1: Ball 2-1: Foul Ball, location: 2F 2-2: Strikes out swinging
|
| Bottom of the 2nd over - 2 runs, 3 hits, 0 errors, 2 left on base; Norfolk 0 - Salt Lake 2 |
| TOP OF THE 3RD |
|
Norfolk Tides batting - Pitching for Salt Lake Bees : RHP Ricky Castillo
|
|
Batting: SHB Eduardo Maldonado
|
0-0: Called Strike 0-1: Foul Ball, location: 2F 0-2: Strikes out swinging
|
|
Batting: RHB Honório Szenes
|
0-0: Called Strike 0-1: Ball 1-1: Foul Ball, location: 2F 1-2: Foul Ball, location: 2F 1-2: Ball 2-2: Foul Ball, location: 2F 2-2: Ball 3-2: Foul Ball, location: 2F 3-2: Strikes out swinging
|
|
Batting: RHB Danny Baeza
|
0-0: Called Strike 0-1: Foul Ball, location: 2F 0-2: Strikes out swinging
|
| Top of the 3rd over - 0 runs, 0 hits, 0 errors, 0 left on base; Norfolk 0 - Salt Lake 2 |
| BOTTOM OF THE 3RD |
|
Salt Lake Bees batting - Pitching for Norfolk Tides : RHP Chris Anderson
|
|
Batting: SHB Mario Padron
|
0-0: Ball 1-0: Ball 2-0: Called Strike 2-1: Fly out, F5 (Popup, 5S, EV 76.9 MPH)
|
|
Batting: LHB Justin Alexander
|
0-0: Ball 1-0: Ball 2-0: Called Strike 2-1: Ball 3-1: Fly out, F8 (Line Drive, 8RM, EV 101.9 MPH)
|
|
Batting: RHB Kian-tat Chen
|
0-0: Foul Ball, location: 2F 0-1: Fly out, F9 (Flyball, 89D, EV 103.8 MPH)
|
| Bottom of the 3rd over - 0 runs, 0 hits, 0 errors, 0 left on base; Norfolk 0 - Salt Lake 2 |
| TOP OF THE 4TH |
|
Norfolk Tides batting - Pitching for Salt Lake Bees : RHP Ricky Castillo
|
|
Batting: RHB Joe Young
|
0-0: Ball 1-0: Foul Ball, location: 2F 1-1: Foul Ball, location: 2F 1-2: Foul Ball, location: 2F 1-2: Ball 2-2: Ground out 5-3 (Groundball, 56S, EV 91.2 MPH)
|
|
Batting: RHB Alfredo Reguera
|
0-0: Swinging Strike 0-1: Swinging Strike 0-2: Ball 1-2: Ball 2-2: Strikes out swinging
|
|
Batting: RHB Daniel Jackson
|
0-0: Called Strike 0-1: Foul Ball, location: 2F 0-2: Ball 1-2: Ball 2-2: Ball 3-2: Base on Balls
|
|
Batting: RHB Maup Gommers
|
0-0: Ball 1-0: Called Strike Daniel Jackson steals 2nd base 1-1: Ball 2-1: Ball Wild Pitch! Daniel Jackson to third 3-1: Base on Balls
|
|
Batting: LHB Justin Moore
|
0-0: Fly out, F5 (Popup, 56S, EV 86.9 MPH)
|
| Top of the 4th over - 0 runs, 0 hits, 0 errors, 2 left on base; Norfolk 0 - Salt Lake 2 |
| BOTTOM OF THE 4TH |
|
Salt Lake Bees batting - Pitching for Norfolk Tides : RHP Chris Anderson
|
|
Batting: RHB Josh Faulconer
|
0-0: Ball 1-0: Ball 2-0: Ball 3-0: Called Strike 3-1: Ground out 1-3 (Groundball, 15S, EV 73.1 MPH)
|
|
Batting: RHB Nelle Lommen
|
0-0: SINGLE (Groundball, 6D, EV 104.4 MPH)
|
|
Batting: RHB Timoleon Tsikouna
|
0-0: Called Strike 0-1: Called Strike 0-2: Ball 1-2: Foul Ball, location: 2F 1-2: Grounds into double play, 5-4-3 (Groundball, 56, EV 87.5 MPH)
|
| Bottom of the 4th over - 0 runs, 1 hit, 0 errors, 0 left on base; Norfolk 0 - Salt Lake 2 |
| TOP OF THE 5TH |
|
Norfolk Tides batting - Pitching for Salt Lake Bees : RHP Ricky Castillo
|
|
Batting: SHB Ben Pierce
|
0-0: Foul Ball, location: 2F 0-1: Ball 1-1: Foul Ball, location: 2F 1-2: Ball 2-2: Foul Ball, location: 2F 2-2: Ball 3-2: Fly out, F7 (Line Drive, 78M, EV 91.2 MPH)
|
|
Batting: SHB Eduardo Maldonado
|
0-0: Ball 1-0: Swinging Strike 1-1: Called Strike 1-2: Ground out U3 (Groundball, 3L, EV 100.0 MPH)
|
|
Batting: RHB Honório Szenes
|
0-0: Ground out 4-3 (Groundball, 4D, EV 82.5 MPH)
|
| Top of the 5th over - 0 runs, 0 hits, 0 errors, 0 left on base; Norfolk 0 - Salt Lake 2 |
| BOTTOM OF THE 5TH |
|
Salt Lake Bees batting - Pitching for Norfolk Tides : RHP Chris Anderson
|
|
Batting: LHB Larry Prey
|
0-0: Called Strike 0-1: Ball 1-1: Foul Ball, location: 2F 1-2: Ball 2-2: Strikes out swinging, 2-3 out at first.
|
|
Batting: SHB Butch Brown
|
0-0: Ball 1-0: Ball 2-0: Ground out 5-3 (Groundball, 5S, EV 87.5 MPH)
|
|
Batting: RHB Brandon Davis
|
0-0: Ball 1-0: Ball 2-0: Ball 3-0: Base on Balls
|
|
Batting: SHB Mario Padron
|
0-0: Ball 1-0: Ball 2-0: Swinging Strike 2-1: Ball 3-1: Base on Balls Brandon Davis to second
|
|
Batting: LHB Justin Alexander
|
0-0: Ball 1-0: Ball 2-0: Called Strike 2-1: Called Strike 2-2: Ball 3-2: Ground out 6-3 (Groundball, 6, EV 84.4 MPH)
|
| Bottom of the 5th over - 0 runs, 0 hits, 0 errors, 2 left on base; Norfolk 0 - Salt Lake 2 |
| TOP OF THE 6TH |
|
Norfolk Tides batting - Pitching for Salt Lake Bees : RHP Ricky Castillo
|
|
Batting: RHB Danny Baeza
|
0-0: Swinging Strike 0-1: Swinging Strike 0-2: Ball 1-2: Ball 2-2: Strikes out looking
|
|
Batting: RHB Joe Young
|
0-0: Called Strike 0-1: Fly out, F7 (Flyball, 7S, EV 80.6 MPH)
|
|
Batting: RHB Alfredo Reguera
|
0-0: Ball 1-0: SINGLE (Flyball, 8RS, EV 91.2 MPH)
|
|
Batting: RHB Daniel Jackson
|
0-0: Called Strike 0-1: Ball 1-1: Ground out 5-3 (Groundball, 56S, EV 83.8 MPH)
|
| Top of the 6th over - 0 runs, 1 hit, 0 errors, 1 left on base; Norfolk 0 - Salt Lake 2 |
| BOTTOM OF THE 6TH |
|
Salt Lake Bees batting - Pitching for Norfolk Tides : RHP Chris Anderson
|
|
Batting: RHB Kian-tat Chen
|
0-0: Ball 1-0: Foul Ball, location: 2F 1-1: Ball 2-1: Ball 3-1: Foul Ball, location: 2F 3-2: Base on Balls
|
|
Pitching: LHP John Dyer
|
|
|
Batting: RHB Josh Faulconer
|
0-0: Fly out, F8 (Flyball, 89S, EV 81.2 MPH)
|
|
Batting: RHB Nelle Lommen
|
0-0: Ball 1-0: Fielders Choice at 2nd, 6-4 (Groundball, 6MD, EV 99.4 MPH)
|
|
Batting: RHB Timoleon Tsikouna
|
0-0: Called Strike 0-1: Called Strike 0-2: Foul Ball, location: 2F 0-2: Ball 1-2: Ball 2-2: Foul Ball, location: 2F 2-2: Ground out 1-3 (Groundball, P, EV 71.9 MPH)
|
| Bottom of the 6th over - 0 runs, 0 hits, 0 errors, 1 left on base; Norfolk 0 - Salt Lake 2 |
| TOP OF THE 7TH |
|
Norfolk Tides batting - Pitching for Salt Lake Bees : RHP Ricky Castillo
|
|
Batting: RHB Maup Gommers
|
0-0: Called Strike 0-1: Ground out 5-3 (Groundball, 56, EV 79.4 MPH)
|
|
Batting: LHB Justin Moore
|
0-0: Foul Ball, location: 2F 0-1: Ball 1-1: Ball 2-1: Ball 3-1: Ground out 4-3 (Groundball, 34D, EV 86.2 MPH)
|
|
Batting: SHB Ben Pierce
|
0-0: Foul Ball, location: 2F 0-1: SOLO HOME RUN (Line Drive, 89XD, EV 100.0 MPH), Distance : 405 ft
|
|
Batting: SHB Eduardo Maldonado
|
0-0: Called Strike 0-1: Ball 1-1: Ball 2-1: DOUBLE (Groundball, 3L, EV 104.4 MPH)
|
|
Pitching: RHP Allen Weaver
|
|
|
Batting: RHB Honório Szenes
|
0-0: Foul Ball, location: 2F 0-1: Called Strike 0-2: Ball 1-2: Ball 2-2: Ball 3-2: Foul Ball, location: 2F 3-2: Base on Balls
|
|
Batting: RHB Danny Baeza
|
0-0: Ball 1-0: Fly out, F9 (Flyball, 89M, EV 88.1 MPH)
|
| Top of the 7th over - 1 run, 2 hits, 0 errors, 2 left on base; Norfolk 1 - Salt Lake 2 |
| BOTTOM OF THE 7TH |
|
Salt Lake Bees batting - Pitching for Norfolk Tides : LHP John Dyer
|
|
Batting: LHB Larry Prey
|
0-0: Ball 1-0: Called Strike 1-1: Ball 2-1: Called Strike 2-2: Foul Ball, location: 2F 2-2: Foul Ball, location: 2F 2-2: Strikes out looking
|
|
Batting: SHB Butch Brown
|
0-0: Called Strike 0-1: Foul Ball, location: 2F 0-2: Ball 1-2: Ball 2-2: Ground out 4-3 (Groundball, 4, EV 82.5 MPH)
|
|
Batting: RHB Brandon Davis
|
0-0: Ball 1-0: Ground out 5-3 (Groundball, 56, EV 108.8 MPH)
|
| Bottom of the 7th over - 0 runs, 0 hits, 0 errors, 0 left on base; Norfolk 1 - Salt Lake 2 |
| TOP OF THE 8TH |
|
Norfolk Tides batting - Pitching for Salt Lake Bees : RHP Allen Weaver
|
|
Batting: RHB Joe Young
|
0-0: Called Strike 0-1: Swinging Strike 0-2: Ball 1-2: Strikes out swinging
|
|
Batting: RHB Alfredo Reguera
|
0-0: Ball 1-0: Foul Ball, location: 2F 1-1: Foul Ball, location: 2F 1-2: Foul Ball, location: 2F 1-2: Ball 2-2: Foul Ball, location: 2F 2-2: Fly out, F7 (Flyball, 7, EV 82.5 MPH)
|
|
Batting: RHB Daniel Jackson
|
0-0: Called Strike 0-1: Ball 1-1: Hit by Pitch
|
|
Batting: RHB Maup Gommers
|
0-0: Ball 1-0: Ball 2-0: Called Strike 2-1: Swinging Strike 2-2: Ball 3-2: Base on Balls Daniel Jackson to second
|
|
Batting: LHB Justin Moore
|
0-0: Called Strike 0-1: Swinging Strike 0-2: Foul Ball, location: 2F 0-2: Ball 1-2: Strikes out swinging
|
| Top of the 8th over - 0 runs, 0 hits, 0 errors, 2 left on base; Norfolk 1 - Salt Lake 2 |
| BOTTOM OF THE 8TH |
|
Salt Lake Bees batting - Pitching for Norfolk Tides : LHP John Dyer
|
|
Batting: SHB Mario Padron
|
0-0: SINGLE (Line Drive, 78S, EV 101.2 MPH)
|
|
Batting: LHB Justin Alexander
|
0-0: Foul Ball, location: 2F 0-1: Ball 1-1: SINGLE (Groundball, P, EV 83.8 MPH) (infield hit) Mario Padron to second
|
|
Batting: RHB Kian-tat Chen
|
0-0: Ball 1-0: Called Strike 1-1: Called Strike 1-2: Fielders Choice at 2nd, 3-6 (Groundball, 34, EV 86.9 MPH) Mario Padron to third
|
|
Batting: RHB Josh Faulconer
|
0-0: Grounds into double play, 6-4-3 (Groundball, 6, EV 90.6 MPH)
|
| Bottom of the 8th over - 0 runs, 2 hits, 0 errors, 1 left on base; Norfolk 1 - Salt Lake 2 |
| TOP OF THE 9TH |
|
Norfolk Tides batting - Pitching for Salt Lake Bees : RHP Allen Weaver
|
|
Pitching: LHP Vinny Zavala
|
|
|
Pinch Hitting: RHB Wes Reynolds
|
0-0: Ball 1-0: Called Strike 1-1: Ball 2-1: Fly out, F7 (Flyball, 78S, EV 88.8 MPH)
|
|
Batting: SHB Eduardo Maldonado
|
0-0: Ball 1-0: Fly out, F4 (Popup, 4M, EV 65.6 MPH)
|
|
Batting: RHB Honório Szenes
|
0-0: Ball 1-0: Ball 2-0: Foul Ball, location: 2F 2-1: DOUBLE (Line Drive, 89XD, EV 110.0 MPH)
|
|
Batting: RHB Danny Baeza
|
0-0: Called Strike 0-1: Ground out 1-3 (Groundball, 13, EV 64.4 MPH)
|
| Top of the 9th over - 0 runs, 1 hit, 0 errors, 1 left on base; Norfolk 1 - Salt Lake 2 |
|